 Dungeon Crawl Stone Soup version 0.17-a0-1582-ge6b0260 (webtiles) character file.

11710 urechis the Destroyer (level 11, -2/64 HPs)
             Began as a Gargoyle Wizard on July 27, 2015.
             Was a Priest of Vehumet.
             Killed from afar by a battlesphere (15 damage)
             ... created by a deep elf mage
             ... on level 12 of the Dungeon.
             The game lasted 01:13:25 (16363 turns).

urechis the Destroyer (Gargoyle Wizard)            Turns: 16363, Time: 01:13:25

Health: -2/64      AC: 15    Str: 10    XL:     11   Next: 82%
Magic:  14/20      EV: 13    Int: 23    God:    Vehumet [***...]
Gold:   801        SH:  0    Dex:  8    Spells: 7 memorised, 6 levels left

rFire  + . .     SeeInvis +     a - +0 quarterstaff (speed)
rCold  . . .     Clarity  .     J - +0 leather armour
rNeg   + . .     SustAt   .     (no shield)
rPois  ∞         Gourm    .     G - +2 hat
rElec  +         Spirit   .     u - +1 cloak {rPois}
rCorr  .         Warding  .     (no gloves)
rMut   .         Stasis   .     (no boots)
MR     .....                    C - amulet of regeneration
Stlth  +.........               v - ring of see invisible
                                D - ring of protection from fire

@: about to teleport, repel missiles, not resistant to hostile enchantments,
very unstealthy
A: negative energy resistance 1, electricity resistance, unbreathing,
petrification resistance, rot immunity, AC +7
a: Renounce Religion


You were on level 12 of the Dungeon.
You worshipped Vehumet.
Vehumet was most pleased with you.
You were not hungry.

You visited 2 branches of the dungeon, and saw 13 of its levels.

You collected 855 gold pieces.
You spent 54 gold pieces at shops.

Inventory:

Hand weapons
 a - a +0 quarterstaff of speed (weapon)
 b - a +0 whip of electrocution
Armour
 u - a +1 cloak of poison resistance (worn)
 G - a +2 hat (worn)
 J - a +0 leather armour (worn)
Jewellery
 e - an uncursed amulet of guardian spirit
 v - a ring of see invisible (right hand)
 C - an amulet of regeneration (around neck)
 D - a ring of protection from fire (left hand)
Magical devices
 g - a wand of paralysis (12)
 w - a wand of frost (33)
 L - a wand of digging (8)
Scrolls
 h - 4 scrolls of fear
 k - 3 scrolls of enchant weapon
 m - 3 scrolls of recharging
 o - 5 scrolls of amnesia
 t - 2 scrolls of blinking
 x - a scroll of remove curse
 y - 4 scrolls of teleportation
Potions
 i - a potion of magic {unknown}
 j - 3 potions of might
 l - 3 potions of curing
 n - 3 potions of agility
 r - a potion of cancellation
 z - a potion of berserk rage
 A - 2 potions of heal wounds
 B - 3 potions of brilliance
 K - a potion of haste
Books
 c - a book of Minor Magic

   Spells                             Type                      Level
   a - Magic Dart                     Conjuration                  1
   b - Blink                          Translocation                2
   c - Call Imp                       Summoning                    2
   d - Repel Missiles                 Charms/Air                   2
   e - Slow                           Hexes                        2
   f - Conjure Flame                  Conjuration/Fire             3
   g - Mephitic Cloud                 Conjuration/Poison/Air       3
 q - a book of Ice

   Spells                             Type                      Level
   a - Ice Form                       Ice/Transmutation            4
   b - Metabolic Englaciation         Hexes/Ice                    5
   c - Ozocubu's Refrigeration        Ice                          6
   d - Bolt of Cold                   Conjuration/Ice              6
   e - Freezing Cloud                 Conjuration/Ice/Air          6
   f - Simulacrum                     Ice/Necromancy               6
 H - a book of Enchantments

   Spells                             Type                      Level
   a - Cause Fear                     Hexes                        4
   b - Silence                        Hexes/Air                    5
   c - Deflect Missiles               Charms/Air                   6
   d - Haste                          Charms                       6
   e - Discord                        Hexes                        8
 I - a book of Power

   Spells                             Type                      Level
   a - Fulminant Prism                Conjuration/Hexes            4
   b - Iskenderun's Mystic Blast      Conjuration                  4
   c - Venom Bolt                     Conjuration/Poison           5
   d - Bolt of Magma                  Conjuration/Fire/Earth       5
   e - Iron Shot                      Conjuration/Earth            6
   f - Orb of Destruction             Conjuration                  7
   g - Spellforged Servitor           Conjuration/Summoning        7
 M - a book of Geomancy

   Spells                             Type                      Level
   a - Sandblast                      Earth                        1
   b - Stoneskin                      Transmutation/Earth          2
   c - Passwall                       Transmutation/Earth          3
   d - Stone Arrow                    Conjuration/Earth            3
   e - Petrify                        Transmutation/Earth          4
   f - Lee's Rapid Deconstruction     Earth                        5
Comestibles
 d - 10 bread rations
 f - a fruit
 p - 4 meat rations
 s - 4 slices of pizza
 E - 3 chunks of flesh
 F - 11 beef jerkies


   Skills:
 - Level 6.2 Fighting
 + Level 5.7 Staves
 - Level 6.0 Armour
 + Level 5.5 Dodging
 - Level 2.1 Stealth
 + Level 6.4 Spellcasting
 + Level 9.2 Conjurations
   Level 0.8 Summonings
 - Level 0.8 Translocations
 + Level 6.2 Fire Magic
 + Level 5.5 Air Magic
 + Level 2.2 Evocations


You had 6 spell levels left.
You knew the following spells:

 Your Spells              Type           Power        Failure   Level  Hunger
a - Magic Dart            Conj           ####         1%          1    None
b - Conjure Flame         Conj/Fire      #####...     1%          3    #......
c - Mephitic Cloud        Conj/Pois/Air  ####....     1%          3    #......
d - Repel Missiles        Chrm/Air       ###...       8%          2    None
e - Blink                 Tloc           N/A          14%         2    None
f - Sting                 Conj/Pois      ####         1%          1    None
i - Airstrike             Air            ####......   3%          4    ###....


Dungeon Overview and Level Annotations

Branches:
Dungeon (12/15)            Temple (1/1) D:7            Lair (0/8) D:11
    Orc (0/4) D:10

Altars:
Ashenzari
Cheibriados
Dithmenos
Elyvilon
Fedhas
Gozag
Kikubaaqudgha
Makhleb
Nemelex Xobeh
Okawaru
Qazlal
Ru
Sif Muna
Trog
Vehumet
Xom
Yredelemnul
Zin
The Shining One

Shops:
D:4 !   D:6 ?*   D:10 ?

Portals:
Trove: D:10 (give +5 ice dragon armour)


Innate Abilities, Weirdness & Mutations

You are resistant to torment.
Your stone body is resilient (AC +7).
You are immune to poison.
You resist negative energy.
You are resistant to electric shocks.
You can survive without breathing.
You are immune to petrification.
You are immune to rotting.


Message History

The deep elf mage gestures at you while chanting.
The magic dart hits you!
The battlesphere fires!
The barrage of energy hits you!
The cyclops throws a large rock.
The large rock hits you!!
* * * LOW HITPOINT WARNING * * *
You see here a large rock.
Read which item? (? for menu, Esc to quit)
Okay, then.
Casting: Magic Dart
Confirm with . or Enter, or press ? or * to list all spells.
You feel protected from missiles.
The orc warrior shouts!
The deep elf mage zaps a wand.
The bolt of lightning misses you.
Read which item? (? for menu, Esc to quit)
As you read the scroll of teleportation, it crumbles to dust.
You feel strangely unstable.
The deep elf mage gestures at you while chanting.
The orb of energy misses you.
The battlesphere fires!
The barrage of energy hits you!
You die...

..).... .......
....... .c.....
#.e..##.......
###o.........c..
.......(#.......
......*(#.......
........(.......
...$............
........@.......
................
..........$.....
.............###
.............#
............#
...........C#
#######.....#


You could see a centaur warrior, a cyclops, an orc warrior, a deep elf mage and
a centaur (wandering).

Vanquished Creatures
  A hydra (D:11)
  Urug (D:10)
  Pikel (D:8)
  A wizard (D:10)
  Maurice (D:9)
  3 centaur zombies
  Joseph (D:9)
  A centaur skeleton (D:10)
  A guardian mummy (D:10)
  Eustachio (D:6)
  9 yaks
  A wraith (D:10)
  A hippogriff (D:12)
  2 wolves (D:10)
  A soldier ant (D:9)
  A phantom (D:10)
  2 orc warriors
  3 black bears
  11 centaurs
  4 ice beasts
  6 ogres
  8 sky beasts
  A necrophage (D:12)
  An eye of draining (D:8)
  Blork the orc (D:5)
  6 giant frogs
  2 big kobolds
  A wyvern skeleton (D:8)
  A scorpion (D:6)
  8 killer bees
  4 wights (D:8)
  An electric eel (D:10)
  4 hounds
  A jelly (D:8)
  5 orc wizards
  7 crimson imps
  2 giant frog skeletons
  4 iguanas
  3 orc priests
  Terence (D:1)
  12 worker ants
  A hound skeleton (D:11)
  4 gnolls (D:5)
  15 adders
  4 shadow imps
  An ooze (D:2)
  An adder skeleton (D:8)
  7 worms
  6 giant geckos
  22 orcs
  3 ball pythons
  A bat skeleton (D:6)
  2 bat zombies (D:6)
  3 giant cockroaches
  12 hobgoblins
  12 jackals
  20 bats
  A giant gecko zombie (D:10)
  5 giant newts
  13 goblins
  25 kobolds
  5 quokkas
  A quokka skeleton (D:5)
  19 rats
309 creatures vanquished.

Vanquished Creatures (collateral kills)
  A killer bee (D:8)
1 creature vanquished.

Vanquished Creatures (others)
  An ogre (D:7)
  A giant frog (D:8)
  A killer bee (D:8)
3 creatures vanquished.

Grand Total: 313 creatures vanquished

Notes
Turn   | Place    | Note
--------------------------------------------------------------
     0 | D:1      | urechis the Gargoyle Wizard began the quest for the Orb.
     0 | D:1      | Reached XP level 1. HP: 10/10 MP: 4/4
   149 | D:1      | Reached XP level 2. HP: 10/15 MP: 0/6
   766 | D:1      | Reached XP level 3. HP: 16/19 MP: 0/7
  1118 | D:2      | Noticed Terence
  1932 | D:1      | Reached skill level 4 in Conjurations
  2220 | D:2      | Reached XP level 4. HP: 24/24 MP: 6/8
  2772 | D:1      | Killed Terence
  2772 | D:1      | Reached skill level 5 in Conjurations
  2895 | D:2      | Reached XP level 5. HP: 25/28 MP: 5/9
  3750 | D:3      | Learned a level 3 spell: Conjure Flame
  3754 | D:3      | Learned a level 3 spell: Mephitic Cloud
  3757 | D:3      | Learned a level 2 spell: Repel Missiles
  3852 | D:3      | Found a snail-covered altar of Cheibriados.
  4158 | D:4      | Noticed an ogre
  4455 | D:2      | Killed an ogre
  4455 | D:2      | Reached skill level 1 in Fighting
  4455 | D:2      | Reached skill level 1 in Armour
  4455 | D:2      | Reached XP level 6. HP: 32/34 MP: 0/10
  4711 | D:4      | Reached skill level 6 in Conjurations
  5100 | D:4      | Found Goaps's Distillery.
  5133 | D:4      | Noticed an ogre
  5142 | D:4      | Killed an ogre
  5142 | D:4      | Reached skill level 1 in Air Magic
  5142 | D:4      | Reached XP level 7. HP: 24/39 MP: 0/12
  5452 | D:5      | Entered Level 5 of the Dungeon
  5457 | D:5      | Reached skill level 1 in Fire Magic
  5574 | D:5      | Noticed Blork the orc
  5902 | D:4      | Learned a level 2 spell: Blink
  5903 | D:5      | Found a deep blue altar of Sif Muna.
  6137 | D:5      | Found a shadowy altar of Dithmenos.
  6177 | D:5      | Killed Blork the orc
  6813 | D:6      | Found Manorghom's Magic Scroll Boutique.
  6850 | D:6      | Found a white marble altar of Elyvilon.
  6850 | D:6      | Found a shadowy altar of Dithmenos.
  6963 | D:6      | Reached XP level 8. HP: 28/46 MP: 1/13
  7166 | D:6      | Reached skill level 1 in Staves
  7481 | D:6      | Found a burning altar of Makhleb.
  8222 | D:6      | Reached skill level 7 in Conjurations
  8222 | D:6      | Reached XP level 9. HP: 52/52 MP: 1/15
  8271 | D:6      | Found Pyos's Assorted Antiques.
  8274 | D:6      | Bought a scroll labeled WIMIRI YNGIRPH for 27 gold pieces
  8274 | D:6      | Bought a scroll labeled INWUOGH ILAZO for 27 gold pieces
  8395 | D:6      | Noticed Eustachio
  8491 | D:6      | Killed Eustachio
  8765 | D:7      | Found a blossoming altar of Fedhas.
  8770 | D:7      | Found a staircase to the Ecumenical Temple.
  8808 | Temple   | Entered the Ecumenical Temple
  9014 | Temple   | Became a worshipper of Vehumet
 10512 | D:8      | Reached skill level 5 in Fighting
 10846 | D:8      | Got a slimy rapier
 10847 | D:8      | Identified the +3 rapier of the Egg {venom, rElec Str+6 Int+3} (You found it on level 8 of the Dungeon)
 11097 | D:8      | Acquired Vehumet's first power
 11097 | D:8      | Offered knowledge of Freeze by Vehumet.
 11403 | D:8      | Reached XP level 10. HP: 59/59 MP: 8/17
 11493 | D:7      | Reached skill level 5 in Spellcasting
 11739 | D:8      | Reached skill level 5 in Armour
 12029 | D:8      | Noticed Pikel
 12041 | D:8      | Killed Pikel
 12108 | D:8      | Found a sacrificial altar of Ru.
 12177 | D:8      | Reached skill level 8 in Conjurations
 12789 | D:9      | Noticed Joseph
 12815 | D:9      | Killed Joseph
 13311 | D:10     | Entered Level 10 of the Dungeon
 13311 | D:10     | Found a staircase to the Orcish Mines.
 13324 | D:10     | Reached skill level 5 in Fire Magic
 13453 | D:10     | Offered knowledge of Sting by Vehumet.
 13627 | D:10     | Learned a level 1 spell: Sting
 13669 | D:10     | Noticed a wizard
 13681 | D:10     | Noticed Urug
 13736 | D:10     | Killed Urug
 13736 | D:10     | Reached XP level 11. HP: 51/64 MP: 9/19
 13781 | D:10     | Killed a wizard
 13834 | D:10     | Noticed Maurice
 13934 | D:9      | Killed Maurice
 13934 | D:9      | Reached skill level 5 in Dodging
 14358 | D:10     | Learned a level 2 spell: Stoneskin
 14407 | D:10     | Found Pigak's Magic Scroll Boutique.
 14519 | D:10     | Reached skill level 5 in Air Magic
 14550 | D:10     | Reached skill level 5 in Staves
 14555 | D:10     | Found a portal to a secret trove of treasure.
 14803 | D:10     | Offered knowledge of Static Discharge by Vehumet.
 14803 | D:10     | Reached skill level 1 in Evocations
 14808 | D:10     | Learned a level 3 spell: Static Discharge
 15059 | D:11     | Noticed a six-headed hydra
 15067 | D:11     | Killed a six-headed hydra
 15067 | D:11     | Reached skill level 9 in Conjurations
 15208 | D:11     | Found a staircase to the Lair.
 15245 | D:11     | Acquired Vehumet's second power
 16107 | D:12     | Noticed a hill giant
 16256 | D:12     | Offered knowledge of Airstrike by Vehumet.
 16317 | D:12     | Learned a level 4 spell: Airstrike
 16337 | D:12     | Noticed a hill giant
 16355 | D:12     | Noticed a centaur warrior
 16363 | D:12     | Killed from afar by a battlesphere

Vault maps used:
D:1:      tarquinn_simple_flora_water_e
D:2:      uniq_terence
D:3:      cheibriados_altar_1
D:4:      first_bread, serial_shops, shop
D:5:      old_standard_altar, basic_altar, uniq_blork_the_orc
D:6:      overflow_temple_1_default, gammafunk_temple_overflow_wave,
          serial_shops, kennysheep_mini_moat, minivault_19, st_stairs_8,
          kennysheep_small_circle, uniq_eustachio
D:7:      kennysheep_six_static_rooms, lemuel_crystal_altar,
          minmay_temple_entry_statues_pillars, grunt_ogre_cave
D:8:      hangedman_ru_absence, uniq_pikel
D:9:      serial_glass, glass_columns_a, glass_columns_a, uniq_joseph
D:10:     orc_0_dummy, serial_shops, shop, nicolae_trove_entry_path_of_doom,
          st_stairs_8, minivault_14, minivault_5, lightli_wizard_tower,
          uniq_grum, uniq_urug, uniq_maurice
D:11:     lair_0_dummy, serial_glass, glass_columns_c, glass_columns_c
Temple:   oiseaux_autumnal_temple_12

Action                   |  1- 3 |  4- 6 |  7- 9 | 10-12 || total
-------------------------+-------+-------+-------+-------++-------
Melee: Unarmed           |    20 |       |       |       ||    20
       Club              |    56 |       |       |       ||    56
       Long sword        |       |    69 |       |       ||    69
       Trident           |       |    38 |    72 |       ||   110
       Dagger            |       |    16 |       |       ||    16
       Whip              |       |       |   137 |    89 ||   226
       Rapier            |       |       |    26 |       ||    26
       Quarterstaff      |       |       |       |   362 ||   362
 Fire: Blowgun           |       |       |    57 |       ||    57
 Cast: Magic Dart        |   106 |   146 |   358 |   346 ||   956
       Conjure Flame     |       |     2 |    11 |    18 ||    31
       Mephitic Cloud    |       |       |     8 |    25 ||    33
       Sting             |       |       |       |     6 ||     6
       Static Discharge  |       |       |       |     3 ||     3
       Stoneskin         |       |       |       |     2 ||     2
       Repel Missiles    |       |       |       |     1 ||     1
  Use: Scroll            |       |     7 |     6 |    16 ||    29
       Potion            |       |     1 |       |       ||     1
 Stab: Sleeping          |       |     1 |       |       ||     1
       Confused          |       |       |     2 |     4 ||     6
  Eat: Chunk             |     4 |     9 |    18 |    17 ||    48
       Fruit             |       |     1 |     2 |     3 ||     6
